AoeStats
← NaVi Sh

Arena

509338104Analyzed
1v1 RM · 6d ago on Sep 26, 2026· 28m 15s· 2 players
Game mode
Random Map
Map size
Tiny (2 player)
Population
200
Speed
Normal
Resources
Standard
Victory
Conquest
Starting age
Dark Age
Ending age
Imperial Age
RankedLock teamsTeams togetherTeam positionsShared explorationLock speedFull tech treeHidden civsTurbo modeCheats
Victory
Defeat
🇩🇪 Varangians · Germany
1179
+17
🇮🇹 Franks · Italy
1205
-17
Trenbolone ツ
10:41 Feudal Age
14:24 Castle Age
12:33 Double-Bit Axe
12:30 Horse Collar
12:55 Loom
18:04 Wheelbarrow
25:18 Hand Cart
24:50 Town Watch
29:02 Imperial Age
27:33 Forging
27:33 Scale Barding Armor
28:19 Bow Saw
28:01 Gold Mining
28:19 Heavy Plow
NaVi Sh
10:31 Feudal Age
10:26 Loom
14:45 Castle Age
12:58 Double-Bit Axe
18:29 Wheelbarrow
18:06 Bow Saw
Connection lost

Rejoining the realm…

Still unreachable

The connection could not be restored.

Session expired

The server has moved on; the page needs a fresh start.